 Dungeon Crawl Stone Soup version 0.27-a0-1308-gc08437e49b (webtiles) character file.

Game seed: 14872429920405131180

61 hatdisgam the Insei (level 4, -7/39 HPs)
             Began as a Naga Transmuter on June 18, 2021.
             Mangled by Sigmund (12 damage)
             ... on level 2 of the Dungeon.
             The game lasted 00:04:06 (2036 turns).

hatdisgam the Insei (Naga Transmuter)               Turns: 2036, Time: 00:04:07

Health: -7/39      AC:  2    Str: 18    XL:     4   Next: 7%
Magic:  3/7        EV:  9    Int: 14    God:
Gold:   73         SH:  5    Dex: 12    Spells: 4/7 levels left

rFire    . . .     SeeInvis +     - Unarmed
rCold    . . .     Faith    .   i - +2 buckler
rNeg     + . .     Spirit   .   a - +0 robe
rPois    +         Reflect  .   (helmet currently unavailable)
rElec    .         Harm     .   (no cloak)
rCorr    .         Rampage  .   (no gloves)
Will     .....                  (no barding)
Stlth    +.........             (no amulet)
HPRegen  0.13/turn              b - +6 ring of strength
MPRegen  0.10/turn              j - ring of positive energy

@: appendages, wereblooded, very slow
A: horns 2, AC +1, large, see invisible, deformed body, poison resistance,
slowness 2, spit poison 1, naga tail 1
a: Spit Poison, End Transformation


You were on level 2 of the Dungeon.
You had temporarily grown beastly horns.
You visited 1 branch of the dungeon, and saw 2 of its levels.

You collected 73 gold pieces.

Inventory:

Armour
 a - a +0 robe (worn)
 i - a +2 buckler (worn)
Jewellery
 b - a +6 ring of strength (left hand)
 j - a ring of positive energy (right hand)
 m - a +6 ring of strength
Scrolls
 c - 2 scrolls of teleportation {unknown}
 d - a scroll of immolation {unknown}
 g - 3 scrolls of identify {unknown}
 h - a scroll of enchant armour {unknown}
Potions
 e - a potion of lignification {unknown}
 f - a potion of might {unknown}
 k - a potion of flight {unknown}
 l - a potion of heal wounds {unknown}


   Skills:
 - Level 1.8 Fighting
 - Level 1.5 Dodging
 * Level 0.6 Shields
 - Level 3.9 Unarmed Combat
 - Level 2.0 Spellcasting
 + Level 2.7 Transmutations


You had 4 spell levels left.
You knew the following spells:

 Your Spells              Type           Power      Damage    Failure   Level
a - Beastly Appendage     Tmut           18%        N/A       12%         1
b - Wereblood             Tmut           9%         N/A       17%         2

Your spell library contained the following spells:

 Spells                   Type           Power      Damage    Failure   Level
 Shock                    Conj/Air       4%         1d3       34%         1
 Static Discharge         Conj/Air       1%         N/A       45%         2
 Spider Form              Tmut/Pois      2%         N/A       52%         3
 Swiftness                Air            1%         N/A       71%         3
 Ice Form                 Ice/Tmut       5%         N/A       89%         4
 Airstrike                Air            0%         N/A       98%         4
 Lightning Bolt           Conj/Air       0%         1d11      100%        5


Dungeon Overview and Level Annotations

Branches:
Dungeon (2/15)

Altars:

Annotations:
D:2 Sigmund


Innate Abilities, Weirdness & Mutations

You have temporarily grown beastly horns.
Your serpentine skin is tough. (AC +1)
You have supernaturally acute eyesight. (SInv)
Armour fits poorly on your strangely shaped body.
Your system is resistant to poisons. (rPois)
You cover ground very slowly.
You can spit poison.
You have a snake-like lower body.


Message History

Casting: Wereblood (safe; 17% risk of failure)
Confirm with . or Enter, or press ? or * to list all spells.
You grow a pair of large bovine horns.
You have got your breath back.
Sigmund looks more healthy.
Sigmund closely misses you. You block Sigmund's attack.
Sigmund hits you with a +0 scythe.
Casting: Beastly Appendage (safe; 12% risk of failure)
Confirm with . or Enter, or press ? or * to list all spells.
You miscast Wereblood.
You are very lightly contaminated with residual magic.
Nothing appears to happen.
Sigmund hits you with a +0 scythe.
Casting: Wereblood (safe; 17% risk of failure)
Confirm with . or Enter, or press ? or * to list all spells.
Your blood is infused with primal strength.
Sigmund hits you with a +0 scythe.
You hit Sigmund.
Sigmund is moderately wounded.
You hit Sigmund.
Sigmund is moderately wounded.
Sigmund casts a spell at you. You resist with some effort.
You hit Sigmund but do no damage. You headbutt Sigmund.
Sigmund is heavily wounded.
Sigmund hits you with a +0 scythe! Sigmund gestures at you while chanting.
You are confused.
You bump into the rock wall.
Sigmund points at you and mumbles some strange words.
You resist with some effort.
You're too confused to move!
Sigmund barely misses you.
You bump into the rock wall.
Sigmund points at you and mumbles some strange words.
The magic dart hits you.
Your magical contamination has completely faded away.
You bump into the rock wall.
Sigmund hits you with a +0 scythe!
* * * LOW HITPOINT WARNING * * *
You bump into the rock wall.
You feel less confused. Sigmund hits you with a +0 scythe!
You die...

########### #......@@.#
#.#######.# #.# #.# #.#
#.##### #.#
#.#...########## #.#
####@.......†......
#.####........#...#####.
####.#..+.............#
#.
#....#.##........#....#
#.


You could see Sigmund.

Vanquished Creatures
  3 adders (D:2)
  7 bats (D:1)
  6 endoplasms
  A giant cockroach (D:1)
  2 goblins
  2 hobgoblins
  2 jackals (D:2)
  3 kobolds
  3 ball pythons
  2 frilled lizards
  A rat (D:1)
32 creatures vanquished.

Notes
Turn   | Place    | Note
-------+----------+-------------------------------------------
     0 | D:1      | hatdisgam the Naga Transmuter began the quest for the Orb.
     0 | D:1      | Reached XP level 1. HP: 18/18 MP: 3/3
   391 | D:1      | Reached XP level 2. HP: 25/25 MP: 5/5
   813 | D:1      | Found a faded altar of an unknown god.
  1215 | D:2      | Noticed Sigmund
  1217 | D:2      | Reached XP level 3. HP: 30/31 MP: 6/6
  1605 | D:2      | Learned a level 2 spell: Wereblood
  1929 | D:2      | Reached XP level 4. HP: 39/39 MP: 7/7
  2036 | D:2      | Mangled by Sigmund

Illustrated notes

Levels and vault maps discovered:
D:1:      dpeg_arrival_leaves_temple_mockup, layout_basic,
          ebering_ecumenical_altar_abandoned, minmay_tromino_v4_b
D:2:      layout_basic, minmay_between, uniq_sigmund

Action                   |  1- 3 |  4- 6 || total
-------------------------+-------+-------++-------
Melee: Unarmed           |    90 |     4 ||    94
       Headbutt          |       |     1 ||     1
 Cast: Beastly Appendage |     4 |     1 ||     5
       Wereblood         |       |     1 ||     1
 Abil: Spit Poison       |    15 |     1 ||    16
 Stab: Sleeping          |     1 |       ||     1
Armor: Robe              |    33 |       ||    33
Dodge: Dodged            |    65 |     3 ||    68
Block: Buckler           |       |     1 ||     1

Table legend: (Time is in decaauts)
 A = Elapsed time spent in this place.
 B = Non-inter-level travel time spent in this place.
 C = Inter-level travel time spent in this place.
 D = Time resting spent in this place.
 E = Time spent auto-exploring this place.
 F = Levels seen in this place.
 G = Mean time per level.
                   A        B        C        D        E       F      G
               +--------+--------+--------+--------+--------+-----+--------+
         Total |   2394 |   2307 |     87 |    320 |   1630 |   2 | 1197.0 |
       Dungeon |   2394 |   2307 |     87 |    320 |   1630 |   2 | 1197.0 |
               +--------+--------+--------+--------+--------+-----+--------+

Top non-repeatable levels by time:
     D:1: 1672 daAuts
     D:2: 721 daAuts
